AoeStats
← Jumpshot

Fortress

509888784Analyzed
3v3 RM · 3d ago on Sep 28, 2026· 75m 53s· 6 players
Game mode
Random Map
Map size
Large (8 player)
Population
200
Speed
Normal
Resources
Standard
Victory
Conquest
Starting age
Dark Age
Ending age
Imperial Age
RankedLock teamsTeams togetherTeam positionsShared explorationLock speedFull tech treeHidden civsTurbo modeCheats
Victory
Defeat
🇧🇷 Romans · Brazil
609
+17
🇨🇳 Goths · China
598
+17
🇮🇳 Khmer · India
591
+18
🇮🇹 Bohemians · Italy
680
-19
🇪🇸 Mongols · Spain
666
-19
🇨🇴 Byzantines · Colombia
541
-14
湛叔
1:12 Loom
7:40 Feudal Age
9:10 Wheelbarrow
9:08 Double-Bit Axe
9:07 Horse Collar
13:52 Gold Mining
13:52 Stone Mining
17:01 Castle Age
15:21 Man-at-Arms
16:07 Scale Mail Armor
18:04 Forging
18:50 Bow Saw
19:09 Heavy Plow
21:32 Stone Shaft Mining
21:15 Chain Mail Armor
22:30 Long Swordsman
23:58 Iron Casting
24:39 Pikeman
25:19 Squires
25:59 Hand Cart
30:56 Imperial Age
29:49 Anarchy
32:45 Crop Rotation
31:46 Capped Ram
31:59 Two-Handed Swordsman
32:01 Halberdier
34:50 Blast Furnace
34:17 Conscription
34:09 Champion
39:30 Perfusion
40:37 Elite Huskarl
61:25 Crossbowman
62:11 Padded Archer Armor
62:01 Fletching
63:33 Leather Archer Armor
63:26 Scale Barding Armor
63:19 Bodkin Arrow
65:57 Ring Archer Armor
65:48 Chain Barding Armor
73:58 Bracer
76:13 Husbandry
76:24 Bloodlines
75:35 Cavalier
Man_at_arms_rush_FC
7:59 Feudal Age
9:00 Double-Bit Axe
8:57 Horse Collar
15:04 Castle Age
18:14 Heavy Plow
18:29 Bow Saw
18:14 Gold Mining
20:36 Gold Shaft Mining
21:39 Wheelbarrow
20:54 Loom
24:10 Hand Cart
29:05 Imperial Age
31:23 Crop Rotation
30:48 Town Watch
31:36 Town Patrol
32:00 Fortified Wall
32:12 Ballistics
34:51 Elite Ballista Elephant
35:31 Double Crossbow
35:51 Conscription
35:48 Forging
35:43 Scale Barding Armor
35:29 Fletching
35:39 Padded Archer Armor
36:07 Parthian Tactics
35:54 Bloodlines
35:44 Husbandry
36:52 Chemistry
36:07 Stone Mining
37:32 Iron Casting
39:16 Chain Barding Armor
38:52 Bodkin Arrow
39:12 Leather Archer Armor
41:53 Blast Furnace
41:29 Plate Barding Armor
40:55 Murder Holes
41:05 Siege Engineers
42:24 Bracer
42:54 Ring Archer Armor
Jumpshot
1:05 Loom
8:35 Feudal Age
9:04 Double-Bit Axe
9:12 Horse Collar
9:52 Gold Mining
13:48 Wheelbarrow
13:41 Stone Mining
17:55 Castle Age
18:44 Bloodlines
18:48 Heavy Plow
29:13 Imperial Age
26:33 Elite Skirmisher
28:57 Gold Shaft Mining
28:46 Bow Saw
29:04 Husbandry
29:10 Light Cavalry
30:25 Ballistas
31:22 Hand Cart
35:42 Scale Barding Armor
35:05 Cavalier
35:13 Heavy Scorpion
36:45 Ballistics
37:00 Crop Rotation
37:01 Chain Barding Armor
39:14 Man-at-Arms
40:11 Forging
40:37 Plate Barding Armor
40:04 Scale Mail Armor
41:40 Chemistry
40:12 Long Swordsman
41:50 Conscription
42:52 Legionary
44:31 Iron Casting
44:13 Chain Mail Armor
44:57 Squires
46:20 Capped Ram
46:56 Pikeman
51:39 Caravan
61:59 Halberdier
63:05 Siege Ram
73:11 Comitatenses
Francis
0:30 Loom
8:48 Feudal Age
9:25 Town Watch
9:28 Double-Bit Axe
9:26 Horse Collar
18:38 Castle Age
19:57 Wheelbarrow
19:25 Town Patrol
19:50 Heavy Plow
20:23 Bow Saw
22:46 Wheelbarrow
25:07 Pikeman
25:49 Squires
25:37 Arson
26:00 Scale Mail Armor
30:19 Imperial Age
28:25 Ballistics
30:14 Chemistry
30:18 Caravan
32:10 Hand Cart
33:16 Conscription
36:50 Elite Hussite Wagon
43:03 Padded Archer Armor
43:18 Forging
44:36 Fortified Wall
44:32 Siege Engineers
44:39 Masonry
44:27 Murder Holes
58:47 Iron Casting
58:32 Chain Mail Armor
58:10 Halberdier
61:54 Plate Mail Armor
ViejoKubata
1:11 Loom
9:36 Feudal Age
14:59 Castle Age
13:33 Gold Mining
13:27 Horse Collar
14:49 Double-Bit Axe
15:10 Stone Mining
17:27 Town Watch
18:19 Wheelbarrow
17:27 Pikeman
18:51 Gold Shaft Mining
19:39 Bow Saw
19:52 Heavy Plow
23:35 Hand Cart
25:32 Stone Shaft Mining
27:46 Town Patrol
27:11 Elite Skirmisher
32:47 Imperial Age
29:45 Light Cavalry
32:00 Thumb Ring
31:48 Fletching
32:21 Bloodlines
32:25 Husbandry
33:16 Bodkin Arrow
33:52 Forging
34:50 Caravan
35:11 Elite Mangudai
36:02 Padded Archer Armor
36:54 Conscription
36:55 Hussar
38:50 Leather Archer Armor
40:22 Bracer
39:46 Heavy Camel Rider
42:40 Iron Casting
42:11 Scale Barding Armor
46:00 Blast Furnace
45:21 Chain Barding Armor
45:29 Parthian Tactics
54:18 Pikeman
58:01 Scale Mail Armor
61:29 Chain Mail Armor
61:22 Squires
61:10 Arson
62:18 Ballistics
61:54 Murder Holes
69:41 Plate Mail Armor
cristianfender77
1:43 Loom
8:54 Feudal Age
12:32 Wheelbarrow
13:31 Arson
15:07 Wheelbarrow
15:19 Horse Collar
15:26 Double-Bit Axe
18:40 Castle Age
18:51 Forging
18:32 Fletching
18:45 Scale Mail Armor
18:45 Padded Archer Armor
18:51 Scale Barding Armor
20:34 Thumb Ring
19:51 Elite Skirmisher
19:54 Crossbowman
19:59 Pikeman
21:39 Squires
25:35 Ballistics
29:30 Imperial Age
27:17 Bodkin Arrow
27:39 Leather Archer Armor
27:53 Elite Skirmisher
28:55 Chain Mail Armor
30:23 Gambesons
31:32 Bracer
33:58 Chemistry
32:57 Murder Holes
34:28 Bow Saw
33:53 Arbalester
36:02 Halberdier
42:21 Ring Archer Armor
Connection lost

Rejoining the realm…

Still unreachable

The connection could not be restored.

Session expired

The server has moved on; the page needs a fresh start.